 Dungeon Crawl Stone Soup version 0.31-a0-851-g7ff8af7976 (webtiles) character file.

Game seed: 10135863503230768047

57 randomguy2701 the Conjurer (level 3, -7/19 HPs)
             Began as a Deep Elf Conjurer on Oct 6, 2023.
             Was a Plaything of Xom.
             Mangled by a gnoll
             ... wielding a +0 flail
              (12 damage)
             ... on level 2 of the Dungeon on Oct 7, 2023.
             The game lasted 00:01:40 (910 turns).

randomguy2701 the Conjurer (Deep Elf Conjurer)       Turns: 910, Time: 00:01:42

Health: -7/19      AC:  2    Str:  4    XL:     3   Next: 73%
Magic:  4/10       EV: 12    Int: 24    God:    Xom [..*...]
Gold:   83         SH:  5    Dex: 13    Spells: 8/9 levels left

rFire   . . .        h - staff of air
rCold   . . .        (no shield)
rNeg    . . .        a - +0 robe
rPois   .            (no helmet)
rElec   +            (no cloak)
rCorr   .            (no gloves)
SInv    .            (no boots)
Will    .....        f - amulet of reflection
Stlth   ++           (no ring)
HPRegen 0.23/turn    (no ring)
MPRegen 0.12/turn

%: reflection
@: no status effects
A: no striking features
a: Renounce Religion


You were on level 2 of the Dungeon.
You worshipped Xom.
You were a toy of Xom.
You visited 1 branch of the dungeon, and saw 2 of its levels.

You collected 83 gold pieces.

Inventory:

Armour
 a - a +0 robe (worn)
Magical Staves
 h - a staff of air (weapon)
Jewellery
 f - an amulet of reflection (around neck)
Scrolls
 c - a scroll of revelation {unknown}
 d - a scroll of silence {unknown}
 g - a scroll of blinking {unknown}
 i - a scroll of teleportation {unknown}
Potions
 b - a potion of magic
 e - a potion of berserk rage {unknown}


   Skills:
 + Level 2.5 Dodging
 + Level 3.2 Stealth
 + Level 3.9 Spellcasting
 + Level 5.2 Conjurations


You had 8 spell levels left.
You knew the following spells:

 Your Spells              Type           Power      Damage    Failure   Level
a - Magic Dart            Conj           100%       1d8       1%          1

Your spell library contained the following spells:

 Spells                   Type           Power      Damage    Failure   Level
 Searing Ray              Conj           58%        2d6       1%          2
 Dazzling Flash           Conj/Hex       34%        N/A       10%         3
 Fulminant Prism          Conj/Hex       8%         3d6       32%         4
 Iskenderun's Mystic Bla  Conj/Tloc      17%        2d5       32%         4


Dungeon Overview and Level Annotations

Branches:
Dungeon (2/15)

Altars:
Xom


Message History

You feel sick.
You are no longer poisoned.
The adder closely misses you.
The magic dart hits the adder.
You kill the adder!
You can't see any susceptible monsters within range! (Use Z to cast anyway.) Magic restored.
HP restored.
Done exploring.
You climb downwards.
The gnoll hits you with a +0 flail. x2
There is a stone staircase leading up, spattered with blood here.
The magic dart hits the gnoll but does no damage.
The gnoll closely misses you.
The magic dart hits the gnoll.
The gnoll is moderately wounded.
You block the gnoll's attack.
The magic dart hits the gnoll.
The gnoll is heavily wounded.
The gnoll closely misses you.
The magic dart hits the gnoll.
The gnoll is heavily wounded.
The gnoll barely misses you.
The magic dart hits the gnoll.
The gnoll is heavily wounded.
The gnoll hits you with a +0 flail!
Ouch! That really hurt!
* * * LOW HITPOINT WARNING * * *
You are too injured to fight recklessly!
You are too injured to fight recklessly!
You are too injured to fight recklessly!
Casting: Magic Dart (safe; 1% risk of failure)
Confirm with . or Enter, or press ? or * to list all spells.
Aiming: Magic Dart (safe; 1% risk of failure)
Press: ? - help, Shift-Dir - straight line, f/p - gnoll
Aim: a gnoll, wielding a +0 flail (heavily wounded, 100% to hit)
The magic dart hits the gnoll.
The gnoll is severely wounded.
The gnoll hits you with a +0 flail!
Ouch! That really hurt!
You die...

......#........##
..... #)........#.
...##
#....%....#... ...
#...####........
..
#.#.###..##.##..
+..#.##...##.####
####.##.#.#..... .
+...>...#.#..##
...####...).g@...#
......#.####+###+#
.....S'...#
......#.###
#########


You could see a gnoll.

Vanquished Creatures
  2 gnolls
  An adder (D:1)
  A dart slug (D:1)
  2 endoplasms (D:1)
  2 giant cockroaches (D:1)
  A hobgoblin (D:1)
  A kobold (D:1)
  6 ball pythons (D:1)
  4 bats
  A goblin (D:1)
  7 rats (D:1)
28 creatures vanquished.

Notes
Turn   | Place    | Note
-------+----------+-------------------------------------------
     0 | D:1      | randomguy2701 the Deep Elf Conjurer began the quest for the
                  | Orb.
     0 | D:1      | Reached XP level 1. HP: 10/10 MP: 6/6
   227 | D:1      | Reached XP level 2. HP: 10/15 MP: 4/8
   297 | D:1      | Found a faded altar of an unknown god.
   377 | D:1      | Prayed at the altar of an unknown god.
   377 | D:1      | Became a worshipper of Xom of Chaos
   405 | D:1      | XOM: silly message
   453 | D:1      | Reached skill level 5 in Conjurations
   781 | D:2      | Reached XP level 3. HP: 18/19 MP: 6/10
   812 | D:1      | XOM: divination: magic mapping
   910 | D:2      | Mangled by a gnoll

Illustrated notes

Levels and vault maps discovered:
D:1:      wander_arrival_chamber, layout_rooms,
          shapermc_ecumenical_altar_mp_ritualfount
D:2:      layout_basic, serial_aquarium, aquarium_bridge_straight
          [aquarium_subvault_bridge, aquarium_subvault_wall,
          aquarium_subvault_bridge, aquarium_subvault_wall],
          aquarium_window_corridor_1, aquarium_window_1, aquarium_view_2f,
          aquarium_view_4, aquarium_pool_S, cheibrodos_gnoll_hut

Skill      XL: |  1  2  3 |
---------------+----------+-----
Conjurations   | 5 |  5.2
Stealth        | 3 |  3.2
Dodging        | |  2.5
Spellcasting   | |  3.9

Action                     || total
---------------------------++-------
   Cast: Magic Dart        ||    57
 Armour: Robe              ||    15
  Dodge: Dodged            ||    12
  Block: Other             ||     3

Table legend: (Time is in decaauts)
 A = Elapsed time spent in this place.
 B = Non-inter-level travel time spent in this place.
 C = Inter-level travel time spent in this place.
 D = Time resting spent in this place.
 E = Time spent auto-exploring this place.
 F = Levels seen in this place.
 G = Mean time per level.
                   A        B        C        D        E       F      G
               +--------+--------+--------+--------+--------+-----+--------+
         Total |    911 |    900 |     11 |      0 |    770 |   2 |  455.5 |
       Dungeon |    911 |    900 |     11 |      0 |    770 |   2 |  455.5 |
               +--------+--------+--------+--------+--------+-----+--------+

Top non-repeatable levels by time:
     D:1: 870 daAuts
     D:2: 40 daAuts
